 Dungeon Crawl Stone Soup version 0.25.0-26-g0c896c7088 (webtiles) character file.

Game seed: 12586594799398402301

126 Exodus22XD the Slasher (level 5, -4/39 HPs)
             Began as a Human Gladiator on July 4, 2020.
             Slain by Grinder (6 damage)
             ... on level 3 of the Dungeon.
             The game lasted 00:02:50 (2859 turns).

Exodus22XD the Slasher (Human Gladiator)            Turns: 2859, Time: 00:02:50

Health: -4/39      AC:  7    Str: 15    XL:     5   Next: 32%
Magic:  5/5        EV: 12    Int:  9    God:
Gold:   62         SH:  0    Dex: 14    Spells: 4/4 levels left

rFire    . . .     SeeInvis .   a - +0 long sword
rCold    . . .     Gourm    .   (no shield)
rNeg     . . .     Faith    .   k - +0 ring mail
rPois    .         Spirit   .   c - +0 helmet
rElec    .         Reflect  .   (no cloak)
rCorr    .         Harm     .   o - +0 pair of gloves (curse)
MR       .....                  (no boots)
Stlth    +.........             (no amulet)
HPRegen  0.13/turn              (no ring)
MPRegen  0.09/turn              (no ring)

@: no status effects
A: no striking features
a: no special abilities


You were on level 3 of the Dungeon.
You were not hungry.

You visited 1 branch of the dungeon, and saw 3 of its levels.

You collected 62 gold pieces.

Inventory:

Hand Weapons
 a - a +0 long sword (weapon)
Missiles
 d - 3 throwing nets (quivered)
Armour
 b - a +0 leather armour
 c - a +0 helmet (worn)
 k - a +0 ring mail (worn)
 o - a cursed +0 pair of gloves (worn)
Jewellery
 n - an uncursed amulet of regeneration {unknown}
Scrolls
 e - a scroll of fog {unknown}
 g - 2 scrolls of enchant armour {unknown}
 j - 2 scrolls of remove curse {unknown}
 m - a scroll of identify {unknown}
 p - a scroll of blinking {unknown}
 q - 4 scrolls of teleportation {unknown}
 r - a scroll of amnesia {unknown}
Potions
 h - a potion of stabbing {unknown}
 i - 2 potions of curing
 l - a potion of cancellation {unknown}
Comestibles
 f - 4 rations
 s - a chunk of flesh


   Skills:
 + Level 2.5 Fighting
 + Level 4.3 Long Blades
 - Level 2.0 Throwing
 + Level 1.2 Armour
 + Level 3.9 Dodging


You had 4 spell levels left.
You didn't know any spells.
Your spell library was empty.

Dungeon Overview and Level Annotations

Branches:
Dungeon (3/15)

Altars:
Wu Jian

Annotations:
D:3 Grinder


Message History

You hit Grinder but do no damage.
Grinder is lightly wounded.
The rat bites you but does no damage. Grinder hits you!
You hit Grinder.
Grinder is moderately wounded.
The rat closely misses you. Grinder hits you!
* * * LOW HITPOINT WARNING * * *
You hit Grinder but do no damage.
Grinder is moderately wounded.
The rat barely misses you.
You riposte.
You barely miss the rat. Grinder closely misses you.
You hit Grinder.
Grinder is moderately wounded.
The rat bites you but does no damage. Grinder closely misses you.
You hit Grinder.
Grinder is moderately wounded.
The rat bites you but does no damage. Grinder hits you.
* * * LOW HITPOINT WARNING * * *
You writhe in agony.
You die...

###..######..## .###.##
###..##### .###..# #........###
......## #....(##...# .
#####..###.......##.# .# ##
##.........(...#.######.#
.###.................#.....#
...............)r.รท#......##.
................@............
................5)###..####.
##...........#........##
#...................#####..#
#..........##..##..>........
##..................(####.####
##..................(.........
#............#......(.###..###
#............##.#.#..........###


You could see Grinder and a rat.

Vanquished Creatures
  Jessica (D:3)
  5 adders
  A worm (D:2)
  A leopard gecko (D:1)
  8 bats
  2 giant cockroaches
  3 goblins
  11 hobgoblins
  2 quokkas (D:2)
  6 frilled lizards
  8 kobolds
  9 rats
57 creatures vanquished.

Notes
Turn   | Place    | Note
-------+----------+-------------------------------------------
     0 | D:1      | Exodus22XD the Human Gladiator began the quest for the Orb.
     0 | D:1      | Reached XP level 1. HP: 16/16 MP: 1/1
    77 | D:1      | Reached XP level 2. HP: 13/22 MP: 2/2
   522 | D:1      | Reached XP level 3. HP: 18/27 MP: 3/3
   989 | D:2      | HP: 1/27 [worm (9)]
  1806 | D:2      | Reached XP level 4. HP: 33/33 MP: 4/4
  2109 | D:3      | Reached skill level 4 in Long Blades
  2296 | D:3      | Noticed Jessica
  2309 | D:3      | Killed Jessica
  2309 | D:3      | Reached skill level 1 in Armour
  2309 | D:3      | Reached XP level 5. HP: 7/39 MP: 5/5
  2665 | D:3      | Noticed Grinder
  2669 | D:3      | Paralysed by Grinder for 2 turns
  2697 | D:2      | Found an ornate altar of the Wu Jian Council.
  2850 | D:3      | Paralysed by Grinder for 2 turns
  2859 | D:3      | Slain by Grinder

Illustrated notes

Levels and vault maps discovered:
D:1:      onia_arrival_mini_spirals, layout_rooms
D:2:      layout_loops_ring, nicolae_overflow_hidden_temple
D:3:      layout_rooms, nicolae_overflow_crystal_walls, cheibriados_altar_1,
          uniq_grinder, uniq_jessica

Skill      XL: |  1  2  3  4 |
---------------+-------------+-----
Long Blades    | 4 |  4.3
Armour         | 1 |  1.2
Fighting       | |  2.5
Throwing       | |  2.0
Dodging        | |  3.9

Action                   |  1- 3 |  4- 6 || total
-------------------------+-------+-------++-------
Melee: Long sword        |    88 |    66 ||   154
  Use: Potion            |       |     1 ||     1
  Eat: Chunk             |     3 |     3 ||     6
Armor: Leather armour    |    15 |       ||    15
       Ring mail         |    30 |    46 ||    76
Dodge: Dodged            |    74 |   100 ||   174
       Rpst.: Long sword |    11 |    31 ||    42
